 Dungeon Sprint DCSS version 0.30.1 (webtiles) character file.

Game seed: 8379478527963016654

464 boopmooplesden the Cruncher (level 6, 0/58 HPs)
             Began as a Minotaur Gladiator on July 8, 2023.
             Was an Elder of Trog.
             Slain by a bog body (9 damage)
             ... in the Dungeon (Sprint VII: "The Pits").
             The game lasted 00:01:02 (261 turns).

boopmooplesden the Cruncher (Minotaur Gladiator)     Turns: 261, Time: 00:01:02

Health: 0/58       AC: 19    Str: 21    XL:     6   Next: 80%
Magic:  5/5        EV:  8    Int:  5    God:    Trog [****..]
Gold:   0          SH:  0    Dex: 11    Spells: 5/5 levels left

rFire   . . .        q - +0 quarterstaff (protect)
rCold   . . .        (shield currently unavailable)
rNeg    . . .        p - +2 plate armour
rPois   .            c - +0 hat
rElec   .            (no cloak)
rCorr   .            (no gloves)
SInv    .            (no boots)
Will    .....        (no amulet) Stlth
                     (no ring)
HPRegen 0.29/turn    (no ring)
MPRegen 0.09/turn

%: no teleportation
@: under a protective aura, slowed, very slow
A: horns 2, retaliatory headbutt
a: Renounce Religion, Berserk, Trog's Hand, Brothers in Arms


You were in the Dungeon.
You worshipped Trog.
Trog was greatly pleased with you.
You visited 1 branch

Inventory:

Hand Weapons
 a - a +0 quarterstaff
 l - a +2 quarterstaff
 q - a +0 quarterstaff of protection (weapon)
Missiles
 d - 3 throwing nets (quivered)
 e - a javelin
Armour
 b - a +0 leather armour
 c - a +0 hat (worn)
 p - a +2 plate armour (worn)
Scrolls
 k - a scroll of blinking
 n - 5 scrolls of amnesia
 o - a scroll of summoning
Potions
 f - 6 potions of curing
 g - 6 potions of heal wounds
 h - a potion of haste
 i - 4 potions of magic
 j - 3 potions of berserk rage
 m - 2 potions of invisibility


   Skills:
 + Level 6.6 Fighting
 + Level 12.3 Staves
 + Level 4.3 Throwing
 + Level 1.9 Armour
 + Level 9.7 Dodging


You had 5 spell levels left.
You didn't know any spells.
Your spell library was empty.

Dungeon Overview and Level Annotations

Branches:
Dungeon (1/1)

Altars:
Cheibriados
Dithmenos
Elyvilon
Fedhas
Gozag
Hepliaklqana
Makhleb
Nemelex Xobeh
Okawaru
Qazlal
Ru
Sif Muna
Trog
Vehumet
Wu Jian
Xom
Yredelemnul
Zin
The Shining One
Jiyva
Lugonu


Innate Abilities, Weirdness & Mutations

You have a pair of horns on your head.
You reflexively headbutt those who attack you in melee.


Message History

You kill the goblin!
Trog accepts your kill.
Things that are here:
a +0 dagger; a goblin corpse You open the door.
An orc wizard comes into view. It is wielding a +0 dagger.
The orc wizard shouts!
You hit the orc wizard.
Your weapon exudes an aura of protection.
The orc wizard is moderately wounded.
The orc wizard hits you but does no damage.
You sock the orc wizard!
You kill the orc wizard!
Trog accepts your kill.
Trog appreciates your killing of a magic user.
There is an open door here.
Things that are here:
a +0 dagger; a +0 robe You open the door.
A bog body comes into view.
The bog body casts a spell at you. The bolt of cold hits you!
The bog body touches you but does no damage.
There is an open door here.
You barely miss the bog body. You headbutt the bog body.
The bog body is lightly damaged.
The bog body gestures at you while chanting.
You feel yourself slow down.
You barely miss the bog body.
The bog body is lightly damaged.
The bog body touches you. The bog body freezes you!!
You sock the bog body!
Your weapon exudes an aura of protection.
The bog body is moderately damaged.
The bog body touches you. The bog body freezes you!
* * * LOW HITPOINT WARNING * * *
You hit the bog body but do no damage.
The bog body is moderately damaged.
The bog body touches you!
You die...

#†#........##.......#
#)#........##.......#
#'###########.......#
#.......# #########
#..#.#..# #.##.##.#
#...)...#+#
#.##.##.#n+
#..#.#..#@#
#.......).#
###########


You could see a bog body.

Vanquished Creatures
  A flying skull (D)
  A floating eye (D)
  A centaur (D)
  A wolf (D)
  An orc wizard (D)
  A gnoll (D)
  2 ball pythons (D)
  A bat skeleton (D)
  A goblin (D)
  3 jackals (D)
  2 quokkas (D)
  A ball python skeleton (D)
  A bat (D)
  A rat (D)
18 creatures vanquished.

Notes
Turn   | Place    | Note
-------+----------+-------------------------------------------
     0 | D        | boopmooplesden the Minotaur Gladiator began the quest for
                  | the Orb.
     0 | D        | Reached XP level 1. HP: 18/18 MP: 0/0
    38 | D        | Found a bloodstained altar of Trog.
    38 | D        | Found a shimmering blue altar of Sif Muna.
    38 | D        | Found a viscous altar of Jiyva.
    38 | D        | Found a hazy altar of Hepliaklqana.
    38 | D        | Found an opulent altar of Gozag.
    39 | D        | Found a glowing golden altar of the Shining One.
    39 | D        | Found a glowing silver altar of Zin.
    39 | D        | Found a basalt altar of Yredelemnul.
    39 | D        | Found a shimmering altar of Xom.
    39 | D        | Found an ornate altar of the Wu Jian Council.
    39 | D        | Found a sacrificial altar of Ru.
    39 | D        | Found a stormy altar of Qazlal.
    39 | D        | Found an iron altar of Okawaru.
    39 | D        | Found a sparkling altar of Nemelex Xobeh.
    39 | D        | Found a burning altar of Makhleb.
    39 | D        | Found a blossoming altar of Fedhas.
    39 | D        | Found a white marble altar of Elyvilon.
    39 | D        | Found a shadowy altar of Dithmenos.
    39 | D        | Found a snail-covered altar of Cheibriados.
    40 | D        | Found a radiant altar of Vehumet.
    40 | D        | Found a corrupted altar of Lugonu.
    42 | D        | Became a worshipper of Trog the Wrathful
    50 | D        | Noticed a floating eye
    53 | D        | Killed a floating eye
    54 | D        | Reached skill level 7 in Staves
    54 | D        | Reached XP level 2. HP: 23/27 MP: 1/1
    54 | D        | Reached XP level 3. HP: 28/33 MP: 2/2
    54 | D        | Reached XP level 4. HP: 34/40 MP: 3/3
    57 | D        | Reached * piety under Trog
    90 | D        | Reached ** piety under Trog
   106 | D        | Reached skill level 8 in Staves
   107 | D        | Noticed a flying skull
   113 | D        | Killed a flying skull
   114 | D        | Reached skill level 5 in Fighting
   114 | D        | Reached skill level 10 in Staves
   114 | D        | Reached skill level 1 in Armour
   114 | D        | Reached XP level 5. HP: 49/49 MP: 4/4
   114 | D        | Reached XP level 6. HP: 56/56 MP: 5/5
   181 | D        | Reached *** piety under Trog
   184 | D        | Reached skill level 11 in Staves
   189 | D        | Reached skill level 12 in Staves
   193 | D        | Reached **** piety under Trog
   256 | D        | Noticed a bog body
   261 | D        | Slain by a bog body

Illustrated notes

Levels and vault maps discovered:
D:        pitsprint [storerooms_1, entrance_room_1, metal_vault_4, armoury_1,
          mini_pit_1, grid_room_1, main_hall_1, silver_pit, the_coven_1,
          the_vestibule_1, steel_vault_1, golden_pit, hallway_of_sentries,
          crystal_vault_5, iron_vault_1, final_vault]

Skill      XL: |  1  2  3  4  5  6 |
---------------+-------------------+-----
Fighting       | 4 5 6 |  6.6
Staves         | 7 10 12 | 12.3
Throwing       | 3 4 |  4.3
Dodging        | 6 8 9 |  9.7
Armour         | 1 |  1.9

Action                     |  1- 3 |  4- 6 || total
---------------------------+-------+-------++-------
  Melee: Quarterstaff      |     4 |    32 ||    36
         Headbutt          |     2 |     5 ||     7
 Invoke: Berserk           |       |     2 ||     2
 Armour: Leather armour    |       |     3 ||     3
         Plate armour      |       |    11 ||    11
  Dodge: Dodged            |     1 |    12 ||    13
